 Dungeon Crawl Stone Soup version 0.24.0-41-g2ae2f7f1be (webtiles) character file.

Game seed: 2624112804266590022, levelgen mode: deterministic

97 Goreval the Vandal (level 5, -9/35 HPs)
             Began as a Halfling Hunter on Dec 13, 2019.
             Mangled by Sigmund
             ... wielding a +0 scythe
              (15 damage)
             ... on level 3 of the Dungeon.
             The game lasted 00:04:57 (1903 turns).

Goreval the Vandal (Halfling Hunter)                Turns: 1903, Time: 00:04:58

Health: -9/35      AC:  3    Str: 14    XL:     5   Next: 0%
Magic:  5/5        EV: 15    Int:  9    God:
Gold:   103        SH:  0    Dex: 15    Spells: 4/4 levels left

rFire    . . .     SeeInvis .   a - +1 hunting sling
rCold    . . .     Gourm    .   (shield restricted)
rNeg     . . .     Faith    .   c - +0 leather armour
rPois    .         Spirit   .   (no helmet)
rElec    .         Reflect  .   (no cloak)
rCorr    .         Harm     .   (no gloves)
MR       .....                  (no boots)
Stlth    ++........             (no amulet)
HPRegen  0.11/turn              (no ring)
MPRegen  0.09/turn              (no ring)

@: no status effects
A: small, mutation resistance 1
a: no special abilities


You were on level 3 of the Dungeon.
You were not hungry.

You visited 1 branch of the dungeon, and saw 3 of its levels.

You collected 103 gold pieces.

Inventory:

Hand Weapons
 a - a +1 hunting sling (weapon)
 b - a +2 dagger of venom
Missiles
 d - 22 sling bullets (quivered)
 e - 114 stones
Armour
 c - a +0 leather armour (worn)
Wands
 n - a wand of acid (9)
Scrolls
 g - a scroll of teleportation {unknown}
 i - 4 scrolls of identify {unknown}
 m - 2 scrolls of remove curse {unknown}
Potions
 h - a potion of mutation {unknown}
 j - a potion of lignification {unknown}
 k - 2 potions of magic {unknown}
 l - 3 potions of haste {unknown}
 o - a potion of degeneration {unknown}
Comestibles
 f - 3 rations
 p - 8 chunks of flesh


   Skills:
 + Level 2.4 Fighting
 * Level 7.1 Slings
 + Level 3.0 Dodging
 + Level 2.4 Stealth


You had 4 spell levels left.
You didn't know any spells.
Your spell library was empty.

Dungeon Overview and Level Annotations

Branches:
Dungeon (3/15)

Altars:

Annotations:
D:3 Sigmund


Innate Abilities, Weirdness & Mutations

You are small and have problems with some larger weapons.
You are somewhat resistant to further mutation.


Message History

You shoot a sling bullet. The sling bullet hits the dart slug.
You kill the dart slug!
You have reached level 5!
You feel agile.
Firing (i - inventory. (/) - cycle)
d - 26 sling bullets (quivered)
Really target yourself?
Okay, then.
Firing (i - inventory. (/) - cycle)
d - 26 sling bullets (quivered)
You shoot a sling bullet. Something hits you.
* * * LOW HITPOINT WARNING * * *
Firing (i - inventory. (/) - cycle)
d - 25 sling bullets (quivered)
You shoot a sling bullet.
Firing (i - inventory. (/) - cycle)
d - 24 sling bullets (quivered)
You shoot a sling bullet.
You hear some strange, mumbled words.
A puff of flame appears from out of thin air!
The puff of flame misses you.
Firing (i - inventory. (/) - cycle)
d - 23 sling bullets (quivered)
You shoot a sling bullet. Something hits you!
You die...

>.###.. #.###(# #....
#..((.###((# #..#
#.(....(((. ###.#
##(#######. ##...# ##(#
#####....### ##(.#
.......#...### #..##
.......###...######(######
.......# #......@†{....(.#
.......#
###..###...####.....
.......# ##.###.##### ...
.......# #..........# #
.......# #..........#
.......# #..........#
....<..# ############
########


There were no monsters in sight!

Vanquished Creatures
  An orc wizard (D:3)
  2 adders
  2 dart slugs
  A leopard gecko (D:3)
  2 orcs (D:3)
  2 ball pythons
  6 bats
  A giant cockroach (D:1)
  3 goblins (D:1)
  4 hobgoblins
  2 jackals (D:1)
  7 kobolds
  2 quokkas (D:3)
  3 frilled lizards
  6 rats
44 creatures vanquished.

Notes
Turn   | Place    | Note
-------+----------+-------------------------------------------
     0 | D:1      | Goreval the Halfling Hunter began the quest for the Orb.
     0 | D:1      | Reached XP level 1. HP: 14/14 MP: 1/1
   231 | D:1      | Reached skill level 6 in Slings
   281 | D:1      | Reached XP level 2. HP: 19/19 MP: 2/2
   575 | D:1      | Reached XP level 3. HP: 24/24 MP: 3/3
  1804 | D:3      | Reached XP level 4. HP: 29/29 MP: 4/4
  1807 | D:3      | Noticed Sigmund
  1860 | D:3      | Reached skill level 7 in Slings
  1899 | D:3      | Reached XP level 5. HP: 11/35 MP: 5/5
  1903 | D:3      | Mangled by Sigmund

Levels and vault maps discovered:
D:1:      erik_arrival_triangle_medium, layout_basic
D:2:      layout_loops_ring, item_on_display_b
D:3:      layout_rooms, minitemple, uniq_jessica, uniq_sigmund,
          uniq_crazy_yiuf_cottage

Skill      XL: |  1  2  3  4 |
---------------+-------------+-----
Slings         | 6 7 |  7.1
Fighting       | 2 |  2.4
Stealth        | 2 |  2.4
Dodging        | 3 |  3.0

Action                   |  1- 3 |  4- 6 || total
-------------------------+-------+-------++-------
Melee: Short sword       |    32 |       ||    32
 Fire: Hunting sling     |    72 |    44 ||   116
 Stab: Sleeping          |     1 |       ||     1
  Eat: Chunk             |     3 |       ||     3
Armor: Leather armour    |     5 |     1 ||     6
Dodge: Dodged            |    43 |    10 ||    53
